 Dungeon Crawl Stone Soup version 0.27-a0-955-gb57c80000f (webtiles) character file.

Game seed: 10555718212001636769

903 Nosferatu13666 the Covert (level 7, -12/35 HPs)
             Began as a Spriggan Brigand on Apr 12, 2021.
             Mangled by a two-headed ogre
             ... wielding a +0 giant spiked club
              (33 damage)
             ... on level 5 of the Dungeon.
             The game lasted 00:48:20 (4668 turns).

Nosferatu13666 the Covert (Spriggan Brigand)        Turns: 4668, Time: 00:48:21

Health: -12/35     AC:  3    Str:  7    XL:     7   Next: 80%
Magic:  21/24      EV: 18    Int: 12    God:
Gold:   203        SH:  0    Dex: 19    Spells: 11/15 levels left

rFire    . . .     SeeInvis +   s - +1 dagger of the Mice {venom, MP+9}
rCold    . . .     Faith    .   (shield restricted)
rNeg     . . .     Spirit   .   b - +0 robe
rPois    .         Reflect  .   (helmet restricted)
rElec    .         Harm     .   c - +0 cloak
rCorr    .         Rampage  .   (gloves unavailable)
Will     +....                  (boots unavailable)
Stlth    ++++......             h - amulet of regeneration
HPRegen  1.11/turn              (no ring)
MPRegen  0.19/turn              (no ring)

@: confusing by touch, very quick
A: very small, no large weapons, unfitting armour, see invisible, speed 3
a: no special abilities


You were on level 5 of the Dungeon.
You visited 1 branch of the dungeon, and saw 5 of its levels.

You collected 203 gold pieces.

Inventory:

Hand Weapons
 a - a +2 dagger
 i - a +2 dagger of draining
 s - the +1 dagger of the Mice (weapon) {venom, MP+9}
   (You found it on level 4 of the Dungeon)

   It poisons the flesh of those it strikes.
   It affects your magic capacity (+9).
Armour
 b - a +0 robe (worn)
 c - a +0 cloak (worn)
Jewellery
 d - a ring of positive energy
 f - an amulet of faith
 h - an amulet of regeneration (around neck)
 l - an amulet of guardian spirit
Wands
 g - a wand of polymorph (6)
 p - a wand of iceblast (3)
Potions
 e - 3 potions of lignification
 j - a potion of might
 k - 2 potions of invisibility
 m - 3 potions of curing
 n - a potion of heal wounds
 o - a potion of brilliance
 q - 2 potions of berserk rage
 r - a potion of flight {unknown}


   Skills:
 + Level 2.1 Fighting
 + Level 3.5 Short Blades
 + Level 4.3 Throwing
 + Level 2.9 Dodging
 + Level 8.2 Stealth
 * Level 4.7 Spellcasting
 * Level 4.8 Hexes


You had 11 spell levels left.
You knew the following spells:

 Your Spells              Type           Power      Damage    Failure   Level
a - Corona                Hex            15%        N/A       2%          1
b - Confusing Touch       Hex            14%        N/A       9%          3

Your spell library contained the following spells:

 Spells                   Type           Power      Damage    Failure   Level
 Tukima's Dance           Hex            14%        N/A       9%          3
 Ensorcelled Hibernation  Hex/Ice        16%        N/A       12%         2
 Dazzling Flash           Conj/Hex       16%        N/A       22%         3
 Spider Form              Tmut/Pois      1%         N/A       52%         3
 Conjure Ball Lightning   Conj/Air       1%         3x3d6     100%        6
 Freezing Cloud           Conj/Ice/Air   1%         6-21      100%        6


Dungeon Overview and Level Annotations

Branches:
Dungeon (5/15)
 Temple: D:4-7

Altars:
Xom

Shops:
D:1 *


Innate Abilities, Weirdness & Mutations

You are very small and have problems with some larger weapons.
You are too small for most types of armour.
You have supernaturally acute eyesight. (SInv)
You cover ground extremely quickly. (Speed+++)


Message History

You throw a poisoned dart.
The poisoned dart completely misses the two-headed ogre.
Throw: 2 darts (poison)
Press: ? - help, Q - select action, (/) - cycle Shift-Dir - straight line, f/p - two-headed ogre
Aim: a two-headed ogre, wielding two +0 giant spiked clubs (77% to hit)
You throw a poisoned dart.
The poisoned dart hits the two-headed ogre!
The two-headed ogre is poisoned.
Throw: dart (poison)
Press: ? - help, Q - select action, (/) - cycle Shift-Dir - straight line, f/p - two-headed ogre
Aim: a two-headed ogre, wielding two +0 giant spiked clubs (very poisoned, 77% to hit)
You throw a poisoned dart.
The poisoned dart closely misses the two-headed ogre.
An adder zombie comes into view.
Casting: Confusing Touch (dangerous; 9% risk of failure)
Confirm with . or Enter, or press ? or * to list all spells.
Your hands begin to glow red.
You hit the two-headed ogre but do no damage.
The two-headed ogre is lightly wounded.
The two-headed ogre barely misses you.
The two-headed ogre hits you with a +0 giant spiked club!
You completely miss the two-headed ogre.
The two-headed ogre is lightly wounded.
You hit the two-headed ogre but do no damage.
The two-headed ogre is lightly wounded.
The two-headed ogre barely misses you.
The two-headed ogre hits you with a +0 giant spiked club!
* * * LOW HITPOINT WARNING * * *
The two-headed ogre looks more healthy.
Your hands stop glowing.
You start resting.
HP restored.
The two-headed ogre shouts in stereo!
Casting: Confusing Touch (dangerous; 9% risk of failure)
Confirm with . or Enter, or press ? or * to list all spells.
Your hands begin to glow red.
The two-headed ogre hits you with a +0 giant spiked club!
The two-headed ogre hits you with a +0 giant spiked club!!
Ouch! That really hurt!
You die...

.......####......... . .......#
##.#.#### # #.###..# #.#.# # #.
#..# #.#.# ## # #. ##..# #.#.#
##.## #.##...#####.#.# ##.#.#
#....#<...##.#.# #####.#...
#......>.......########..........
##.##..#.......O@.......######.##
#. #........##.######### #.# #
##.#.##.###.# #.# #.###.#.##.#
#.# #.# #.......##.# #.# #.#
#####<.....# #.# #.# ######## #)#
#.# #)# #.# #.########## #.#


You could see a two-headed ogre.

Vanquished Creatures
  Grinder (D:4)
  Edmund (D:4)
  An ogre (D:5)
  A scorpion (D:4)
  A bullfrog zombie (D:5)
  A jelly (D:5)
  A bullfrog skeleton (D:5)
  2 gnoll shamans
  Jessica (D:3)
  7 adders
  10 gnolls
  A shadow imp (D:4)
  A dart slug (D:1)
  An orc (D:5)
  10 bats
  9 endoplasms
  2 giant cockroaches
  6 goblins
  8 hobgoblins
  12 jackals
  2 kobolds
  5 quokkas
  9 ball pythons
  4 frilled lizards
  8 rats
105 creatures vanquished.

Notes
Turn   | Place    | Note
-------+----------+-------------------------------------------
     0 | D:1      | Nosferatu13666 the Spriggan Brigand began the quest for the
                  | Orb.
     0 | D:1      | Reached XP level 1. HP: 10/10 MP: 2/2
    67 | D:1      | Reached skill level 6 in Stealth
   145 | D:1      | Identified the Disquisition on Hurtful Poison
   188 | D:1      | Reached XP level 2. HP: 13/14 MP: 3/3
   189 | D:1      | Found Neorch's General Store.
   570 | D:1      | Reached XP level 3. HP: 18/18 MP: 4/4
   868 | D:1      | Found a faded altar of an unknown god.
   944 | D:2      | Reached skill level 7 in Stealth
  1183 | D:2      | Reached XP level 4. HP: 22/22 MP: 5/5
  1676 | D:3      | Noticed Jessica
  1712 | D:3      | Killed Jessica
  1854 | D:3      | Reached XP level 5. HP: 26/26 MP: 6/6
  1962 | D:3      | Found a shimmering altar of Xom.
  2315 | D:4      | Noticed Edmund
  2503 | D:4      | Learned a level 1 spell: Corona
  2574 | D:4      | Noticed Grinder
  2596 | D:4      | Paralysed by Grinder for 2 turns
  2774 | D:4      | Killed Grinder
  2775 | D:4      | Reached XP level 6. HP: 30/30 MP: 6/11
  2802 | D:4      | Identified the +1 dagger of the Mice {venom, MP+9}
  2918 | D:4      | Learned a level 3 spell: Confusing Touch
  3342 | D:4      | Killed Edmund
  3343 | D:4      | Reached XP level 7. HP: 34/34 MP: 13/13
  3532 | D:5      | Entered Level 5 of the Dungeon
  3840 | D:5      | Reached skill level 8 in Stealth
  4081 | D:5      | Noticed a two-headed ogre
  4668 | D:5      | Mangled by a two-headed ogre

Illustrated notes

Levels and vault maps discovered:
D:1:      psy_arrival_dodecagon, layout_basic, serial_forest,
          infiniplex_forest_clump_curved, infiniplex_forest_end_2,
          infiniplex_forest_straight_2, infiniplex_forest_clump_cross,
          infiniplex_forest_end_2, infiniplex_forest_zigzag_1,
          infiniplex_forest_lined_room_, infiniplex_forest_lined_1,
          serial_shops, shop, shapermc_ecumenical_altar_starsandcircs,
          hangedman_decor_clover_reticule
D:2:      layout_basic, minmay_circled_x
D:3:      layout_rooms, lemuel_round_altar, uniq_jessica
D:4:      layout_gridville, uniq_grinder, uniq_edmund
D:5:      layout_loops_ring

Skill      XL: |  1  2  3  4  5  6  7 |
---------------+----------------------+-----
Stealth        | 6 7 8 |  8.2
Throwing       | 3 4 |  4.3
Dodging        | 2 |  2.9
Short Blades   | 3 |  3.5
Spellcasting   | 3 4 |  4.7
Hexes          | 3 4 |  4.8
Fighting       | 2 |  2.1

Action                   |  1- 3 |  4- 6 |  7- 9 || total
-------------------------+-------+-------+-------++-------
Melee: Dagger            |    56 |    67 |   116 ||   239
Throw: Dart              |    53 |    56 |    29 ||   138
 Cast: Corona            |       |     5 |     1 ||     6
       Confusing Touch   |       |       |    14 ||    14
Evoke: Wand              |       |     5 |       ||     5
  Use: Scroll            |     4 |     6 |     1 ||    11
 Stab: Sleeping          |    14 |     6 |     1 ||    21
       Distracted        |       |     1 |       ||     1
       Confused          |       |       |     8 ||     8
Armor: Robe              |    10 |    12 |     9 ||    31
Dodge: Dodged            |    40 |    69 |   100 ||   209

Table legend: (Time is in decaauts)
 A = Elapsed time spent in this place.
 B = Non-inter-level travel time spent in this place.
 C = Inter-level travel time spent in this place.
 D = Time resting spent in this place.
 E = Time spent auto-exploring this place.
 F = Levels seen in this place.
 G = Mean time per level.
                   A        B        C        D        E       F      G
               +--------+--------+--------+--------+--------+-----+--------+
         Total |   3168 |   3168 |      0 |    238 |      0 |   5 |  633.6 |
       Dungeon |   3168 |   3168 |      0 |    238 |      0 |   5 |  633.6 |
               +--------+--------+--------+--------+--------+-----+--------+

Top non-repeatable levels by time:
     D:4: 1078 daAuts
     D:1: 693 daAuts
     D:3: 505 daAuts
     D:5: 478 daAuts
     D:2: 413 daAuts
